 Dungeon Crawl Stone Soup version 0.30.1-9-gdf580d7c3d (webtiles) character file.

Game seed: 931084664003557412

2214 TTerc the Cleaver (level 9, -1/78 HPs)
             Began as a Hill Orc Fighter on Sept 27, 2023.
             Succumbed to a hornet's poison
             ... on level 8 of the Dungeon on Sept 28, 2023.
             The game lasted 00:34:35 (5821 turns).

TTerc the Cleaver (Hill Orc Fighter)                Turns: 5821, Time: 00:34:36

Health: -1/78      AC: 11    Str: 21    XL:     9   Next: 35%
Magic:  9/9        EV: 10    Int:  8    God:
Gold:   284        SH:  5    Dex: 12    Spells: 8/8 levels left

rFire   . . .        a - +1 war axe (spect)
rCold   . . .        c - +0 buckler
rNeg    . . .        b - +0 scale mail
rPois   .            r - +0 helmet
rElec   .            h - +0 cloak
rCorr   .            (no gloves)
SInv    .            i - +0 pair of boots
Will    .....        (no amulet) Stlth
                     (no ring)
HPRegen 0.33/turn    (no ring)
MPRegen 0.11/turn

%: no passive effects
@: lethally poisoned (-1 -> -10), about to teleport, slowed, very slow
A: no striking features
a: no special abilities


You were on level 8 of the Dungeon.
You visited 1 branch of the dungeon, and saw 7 of its levels.
You also visited: Sewer.

You collected 388 gold pieces.
You spent 104 gold pieces at shops.

Inventory:

Hand Weapons
 a - a +1 spectral war axe (weapon)
Armour
 b - a +0 scale mail (worn)
 c - a +0 buckler (worn)
 h - a +0 cloak (worn)
 i - a +0 pair of boots (worn)
 r - a +0 helmet (worn)
Jewellery
 u - an amulet of magic regeneration
Wands
 s - a wand of roots (3)
 x - a wand of polymorph (4)
 z - a wand of charming (3)
Scrolls
 e - a scroll of teleportation
 o - 2 scrolls of magic mapping
 t - a scroll of amnesia
 w - 2 scrolls of blinking
 y - a scroll of enchant weapon
Potions
 d - 3 potions of might
 f - 4 potions of curing
 g - 2 potions of berserk rage {unknown}
 j - a potion of ambrosia {unknown}
 k - 2 potions of resistance {unknown}
 l - 2 potions of brilliance {unknown}
 m - 2 potions of haste {unknown}
 n - a potion of lignification {unknown}
 p - a potion of degeneration {unknown}
 q - a potion of attraction {unknown}
 v - 2 potions of heal wounds {unknown}


   Skills:
 + Level 6.7 Fighting
 + Level 11.1 Axes
 + Level 6.8 Armour
 + Level 2.1 Dodging
 + Level 1.1 Stealth
 + Level 5.1 Shields
 + Level 0.7 Evocations


You had 8 spell levels left.
You didn't know any spells.
Your spell library contained the following spells:

 Spells                   Type           Power      Damage    Failure   Level
 Gell's Gravitas          Tloc           0%         N/A       98%         3
 Teleport Other           Tloc           0%         N/A       98%         3
 Dispersal                Tloc           0%         N/A       100%        6


Dungeon Overview and Level Annotations

Branches:
Dungeon (6/15)              Sewer (visited)
 Temple: D:4-7

Altars:

Shops:
D:1 [[??=   D:2 *   D:4 :   D:5 :

Annotations:
D:6 Tamtam's ghost, novice OpTm


Message History

You feel as though you will be slow longer.
The hornet stings you.
You are more poisoned.
You feel as though you will be slow longer.
The hornet closely misses you.
You closely miss the hornet.
The hornet is heavily wounded.
Your +1 spectral war axe barely misses the hornet.
You feel extremely sick.
The hornet stings you but does no damage.
The hornet stings you.
You are more poisoned.
You feel as though you will be slow longer.
You feel better.
Your +1 spectral war axe disappears.
You block the hornet's attack. The hornet stings you!
You feel as though you will be slow longer.
You hit the hornet.
The hornet is heavily wounded.
Your +1 spectral war axe hits the hornet but does no damage.
The hornet closely misses you. The hornet stings you.
* * * LOW HITPOINT WARNING * * *
You are poisoned.
You feel as though you will be slow longer.
As you read the scroll of teleportation, it crumbles to dust.
You feel strangely unstable.
Your +1 spectral war axe disappears.
You feel very sick. The hornet stings you!
* * * LOW HITPOINT WARNING * * *
You are lethally poisoned!
You feel as though you will be slow longer.
The hornet stings you but does no damage. x2
* * * LOW HITPOINT WARNING * * *
You feel very sick.
The hornet stings you but does no damage.
The hornet stings you.
* * * LOW HITPOINT WARNING * * *
You feel as though you will be slow longer.
You die...

......................)......
#.........########.###.....
#.........##.......# #.....
#.........#..####### #.....
#####.###...## #.....
#.###.### #..... #...#.#
##.... #.#...## ##...
#..#.^.@## #### #....##y.#
....#####.#### .....# #....#
....## ####.# ..... ... ##.
###.. #.. .


You could see a hornet.

Vanquished Creatures
  The ghost of Ivernyr the Shield-Bearer, a novice FoFi (D:5)
  Sigmund (D:3)
  2 water moccasins (D:5)
  A black bear (D:5)
  4 ogres
  The ghost of olle1337 the Slasher, an amateur HOMo (D:3)
  A centaur (D:5)
  3 kobold brigands (Sewer)
  A scorpion (D:4)
  A water moccasin zombie (D:3)
  A centaur skeleton (D:3)
  4 hounds
  A jelly (D:4)
  An orc priest (D:3)
  A sleepcap (D:5)
  Jessica (D:2)
  An iguana (D:4)
  An orc wizard (D:8)
  3 gnolls (D:3)
  9 adders
  5 river rats
  4 shadow imps (D:3)
  2 ufetubi
  3 worms
  4 dart slugs
  8 orcs
  8 bats
  9 endoplasms
  5 giant cockroaches
  10 goblins
  9 hobgoblins
  2 jackals (D:3)
  5 quokkas
  10 ball pythons
  5 frilled lizards
  16 kobolds
  7 rats
151 creatures vanquished.

Notes
Turn   | Place    | Note
-------+----------+-------------------------------------------
     0 | D:1      | TTerc the Hill Orc Fighter began the quest for the Orb.
     0 | D:1      | Reached XP level 1. HP: 19/19 MP: 1/1
    51 | D:1      | Found Kateashe's Armour Emporium.
    58 | D:1      | Found Tecvakh's Antique Armour Boutique.
    89 | D:1      | Reached XP level 2. HP: 25/27 MP: 2/2
   296 | D:1      | Found Nidapank's Magic Scroll Shoppe.
   299 | D:1      | Reached skill level 3 in Axes
   362 | D:1      | Reached XP level 3. HP: 27/33 MP: 3/3
   458 | D:1      | Found Rezotu's Magic Scroll Shop.
   463 | D:1      | Found Ceahu's Jewellery Emporium.
   607 | D:1      | Found a faded altar of an unknown god.
   755 | D:2      | Found Aroiph's General Store.
  1073 | D:2      | Noticed Jessica
  1083 | D:2      | Killed Jessica
  1084 | D:2      | Reached skill level 4 in Axes
  1084 | D:2      | Reached XP level 4. HP: 18/40 MP: 4/4
  1521 | D:1      | Bought a scroll of brand weapon for 104 gold pieces
  1667 | D:3      | Noticed Sigmund
  1699 | D:3      | Found a glowing drain.
  1703 | D:3      | Reached XP level 5. HP: 33/46 MP: 5/5
  1716 | Sewer    | Entered a sewer
  1954 | Sewer    | Reached skill level 5 in Axes
  2116 | Sewer    | Noticed a kobold brigand
  2123 | Sewer    | Killed a kobold brigand
  2124 | Sewer    | Reached skill level 1 in Dodging
  2124 | Sewer    | Reached XP level 6. HP: 47/53 MP: 6/6
  2350 | Sewer    | Reached skill level 6 in Axes
  2468 | D:3      | Reached skill level 5 in Armour
  2477 | D:3      | Killed Sigmund
  2478 | D:3      | Reached skill level 7 in Axes
  2478 | D:3      | Reached XP level 7. HP: 16/60 MP: 7/7
  2651 | D:3      | Found a transporter.
  2745 | D:3      | Found a runed translucent gate.
  2749 | D:3      | Found a runed translucent gate.
  2931 | D:3      | Found a runed translucent gate.
  2933 | D:3      | Noticed olle1337's ghost (amateur HOMo)
  3108 | D:3      | Found a transporter.
  3371 | D:3      | Killed olle1337's ghost
  3372 | D:3      | Reached skill level 5 in Fighting
  3376 | D:3      | Reached skill level 8 in Axes
  3516 | D:3      | Reached XP level 8. HP: 54/68 MP: 8/8
  3795 | D:4      | Reached skill level 9 in Axes
  4685 | D:4      | Found Omuwe's Tiny Tomes.
  4836 | D:5      | Entered Level 5 of the Dungeon
  4843 | D:5      | Reached skill level 5 in Shields
  4871 | D:5      | Reached skill level 10 in Axes
  5082 | D:5      | Reached XP level 9. HP: 46/75 MP: 9/9
  5174 | D:5      | Found a runed translucent door.
  5175 | D:5      | Noticed Ivernyr's ghost (novice FoFi)
  5295 | D:5      | Found Womp's Book Emporium.
  5628 | D:5      | Killed Ivernyr's ghost
  5629 | D:5      | Reached skill level 11 in Axes
  5629 | D:5      | Reached skill level 1 in Stealth
  5659 | D:6      | Noticed Tamtam's ghost (novice OpTm)
  5703 | D:6      | You fall into a shaft and drop 2 floors!
  5807 | D:8      | Noticed a hornet
  5820 | D:8      | HP: 3/78 [hornet (2)]
  5821 | D:8      | Succumbed to a hornet's poison

Illustrated notes

Levels and vault maps discovered:
D:1:      dpeg_arrival_radiant, layout_rooms,
          dilly_ecumenical_altar_fadedgnrine, serial_shops, shop, shop, shop,
          shop, nicolae_shop_gaudy_bauble, palyth_stone_intersect
D:2:      kennysheep_the_goblin_king, layout_loops_cross, serial_shops,
          nicolae_square_shop, uniq_jessica
D:3:      gammafunk_wand_slinger, layout_basic, portal_sewer_entry_b,
          gammafunk_ghost_necromancy, uniq_sigmund
D:4:      minmay_door_path, layout_gridville, serial_rivers,
          chequers_serial_rivers_micro_a, chequers_serial_rivers_micro_c,
          chequers_serial_rivers_small_b, chequers_serial_rivers_large_b,
          chequers_serial_rivers_micro_d, nicolae_shop_i_like_small_books_too,
          minmay_gold_behind_fungi, eino_tiny_chamber
D:5:      layout_basic, serial_shops, nicolae_book_shop_shelving,
          gammafunk_ghost_grave
D:6:      layout_loops_ring, temple_doors_cd, serial_shops, shop,
          gammafunk_ghost_arena
D:8:      layout_rooms

Skill      XL: |  1  2  3  4  5  6  7  8  9 |
---------------+----------------------------+-----
Fighting       | 4 5 6 |  6.7
Axes           | 3 4 5 7 8 10 11 | 11.1
Armour         | 4 5 6 |  6.8
Dodging        | 1 2 |  2.1
Shields        | 4 5 |  5.1
Stealth        | 1 |  1.1
Evocations     | |  0.7

Action                     |  1- 3 |  4- 6 |  7- 9 || total
---------------------------+-------+-------+-------++-------
  Melee: War axe           |   116 |   169 |   159 ||   444
  Evoke: Wand              |       |       |     5 ||     5
    Use: Scroll            |     2 |     5 |     4 ||    11
         Potion            |       |       |     2 ||     2
   Stab: Distracted        |       |       |     1 ||     1
 Armour: Scale mail        |    57 |    99 |    64 ||   220
  Dodge: Dodged            |    52 |    79 |    55 ||   186
  Block: Buckler           |    27 |    47 |    33 ||   107
